 Dungeon Crawl Stone Soup version 0.29-a0-542-g075992c915 (webtiles) character file.

Game seed: 8616936327754897522

2141 Morbidden the Digger (level 9, -3/80 HPs)
             Began as a Troll Earth Elementalist on June 4, 2022.
             Was a Follower of Cheibriados.
             Slain by an orc warrior
             ... wielding a +0 glaive
              (28 damage)
             ... in a bailey.
             The game lasted 00:11:17 (5486 turns).

Morbidden the Digger (Troll Earth Elementalist)     Turns: 5486, Time: 00:11:18

Health: -3/80      AC:  9    Str: 24 (27) XL:     9   Next: 9%
Magic:  10/12      EV: 10    Int: 15 (18) God:    Cheibriados [*.....]
Gold:   469        SH:  0    Dex: 10 (13) Spells: 2/14 levels left

rFire   . . .      SeeInvis .     - Unarmed
rCold   . . .      Faith    .   (no shield)
rNeg    . . .      Spirit   .   b - +1 robe
rPois   .          Reflect  .   (helmet restricted)
rElec   .          Harm     .   (no cloak)
rCorr   .          Rampage  .   (gloves unavailable)
Will    .....                   (boots unavailable)
Stlth   ++........              (no amulet)
HPRegen 1.03/turn               F - +6 ring of strength
MPRegen 0.13/turn               y - +4 ring of protection

@: attractive, very slow
A: large, unfitting armour, claws 3, regeneration 1, shaggy fur 1, tough skin 1,
mutation resistance 1
a: Renounce Religion, Bend Time


You were in a bailey.
You worshipped Cheibriados.
Cheibriados was aware of your devotion.
You visited 1 branch of the dungeon, and saw 7 of its levels.
You also visited: Bailey.

You collected 469 gold pieces.

Inventory:

Missiles
 a - 116 stones
 i - 10 poisoned darts
 l - 2 curare-tipped darts (quivered)
 x - 5 boomerangs
Armour
 b - a +1 robe (worn)
Jewellery
 p - a +6 ring of dexterity
 t - a ring of fire
 y - a +4 ring of protection (right claw)
 D - a ring of ice
 F - a +6 ring of strength (left claw)
Wands
 v - a wand of flame (31)
 E - a wand of paralysis (7)
Scrolls
 k - 3 scrolls of enchant weapon
 m - a scroll of brand weapon
 n - 2 scrolls of poison
 o - 2 scrolls of teleportation
 w - 2 scrolls of magic mapping
 C - 2 scrolls of noise
 G - 2 scrolls of fog
Potions
 c - 2 potions of magic
 d - 2 potions of lignification
 e - a potion of flight
 g - 2 potions of curing
 z - a potion of mutation
 H - 2 potions of heal wounds


   Skills:
 * Level 2.4 Fighting
 + Level 2.1 Throwing
 * Level 3.3 Dodging
 + Level 1.4 Stealth
 * Level 5.1 Unarmed Combat
 * Level 3.2 Spellcasting
 * Level 2.3 Conjurations
 * Level 2.3 Transmutations
 * Level 1.6 Air Magic
 * Level 5.1 Earth Magic
 * Level 1.3 Invocations


You had 2 spell levels left.
You knew the following spells:

 Your Spells              Type           Power      Damage    Failure   Level
a - Sandblast             Erth           34%        2d9       2%          1
b - Stone Arrow           Conj/Erth      26%        3d8       13%         3
c - Airstrike             Air            3%         N/A       69%         4
d - Petrify               Tmut/Erth      13%        N/A       38%         4

Your spell library contained the following spells:

 Spells                   Type           Power      Damage    Failure   Level
 Passwall                 Tmut/Erth      10%        N/A       6%          2
 Magic Dart               Conj           36%        1d4       8%          1
 Shock                    Conj/Air       32%        1d5       9%          1
 Foxfire                  Conj/Fire      20%        2x1d5     12%         1
 Call Imp                 Summ           2%         N/A       30%         2
 Ensorcelled Hibernation  Hex/Ice        4%         N/A       30%         2
 Swiftness                Air            7%         N/A       30%         3
 Mephitic Cloud           Conj/Pois/Air  6%         N/A       34%         3
 Conjure Flame            Conj/Fire      5%         6-21      36%         3
 Spider Form              Tmut/Pois      5%         N/A       36%         3
 Confusing Touch          Hex            2%         N/A       52%         3
 Gell's Gravitas          Tloc           2%         N/A       52%         3
 Inner Flame              Hex/Fire       2%         N/A       52%         3
 Teleport Other           Tloc           2%         N/A       52%         3
 Animate Armour           Summ/Erth      20%        N/A       56%         4
 Flame Wave               Conj/Fire      5%         2d5       77%         4
 Summon Lightning Spire   Summ/Air       4%         N/A       80%         4
 Anguish                  Hex/Necr       1%         N/A       89%         4
 Yara's Violent Unravell  Hex/Tmut       2%         3d3       98%         5
 Metabolic Englaciation   Hex/Ice        1%         N/A       99%         5
 Dispersal                Tloc           1%         N/A       100%        6
 Statue Form              Tmut/Erth      8%         N/A       100%        6
 Enfeeble                 Hex            1%         N/A       100%        7
 Storm Form               Tmut/Air       4%         N/A       100%        7
 Lehudib's Crystal Spear  Conj/Erth      6%         10d3      100%        8
 Maxwell's Capacitive Co  Air            3%         ∞         100%        8


Dungeon Overview and Level Annotations

Branches:
Dungeon (7/15)             Temple (0/1) D:7          Bailey (1/1)

Altars:
Cheibriados
Gozag
Nemelex Xobeh
Okawaru
Ru

Shops:
D:6 *


Innate Abilities, Weirdness & Mutations

You are too large for most types of armour.
You have claws for hands.
Your natural rate of healing is unusually fast.
You are covered in fur. (AC +1)
You have tough skin. (AC +1)
You are somewhat resistant to further mutation.


Message History

Aim: an orc, wielding a +0 halberd and wearing a +0 chain mail (67% to hit)
Okay, then.
Unknown command.
Okay, then.
Unknown command.
Unknown command.
Unknown command.
Unknown command.
It was a potion of might.
You feel very mighty all of a sudden. The orc hits you but does no damage. x2
The orc warrior hits you from afar with a +0 glaive.
* * * LOW HITPOINT WARNING * * *
Unknown command.
It was a potion of degeneration.
There was something very wrong with that liquid.
You feel weakened.
You feel dopey.
You feel clumsy. The orc hits you but does no damage. x2
The orc warrior hits you but does no damage.
Unknown command.
It was a potion of attraction.
You feel attractive to monsters.
The orc hits you but does no damage. x2; The orc is attracted toward you.
The orc knight is attracted toward you.
Unknown command.
Okay, then.
Unknown command.
Unknown command.
Unknown command.
It was a potion of cancellation.
Your magical effects are unravelling.
You feel magically purged.
You feel less wooden.
Your +1 robe unmelds from your body.
You feel a little less mighty now. The orc hits you but does no damage.
The orc knight roars a battlecry!
The orcs go into a battle-frenzy!
The orc warrior hits you from afar with a +0 glaive!!
You die...

♣♣♣♣≈≈≈≈≈♣
♣♣..≈≈≈≈≈.♣
#♣..≈≈≈≈≈..
#...≈≈≈≈..# ##
#..≈≈≈≈≈..# .####
###.....≈≈≈≈...# ....
♣♣...♣♣..≈≈≈≈...##...
......♣..≈≈≈≈....#.o#
........######.o@#o8#
.∩...............#o.#
...............ooo..#
................o§..#
.∩.........).....#..#
........######...#.8#
.........≈≈≈≈...(#..#
♣♣....♣..≈≈≈≈.♣.##...
###.....≈≈≈≈...# ..o.


You could see an orc knight, an orc warrior (strong, poisoned, slow) and 3 orcs.

Vanquished Creatures
  Pikel (D:6)
  3 water moccasins (D:6)
  Duvessa (D:6)
  2 orc warriors (Bailey)
  An ogre (D:4)
  A centaur (D:6)
  3 scorpions
  Dowan (D:6)
  2 jellies
  4 hounds
  2 orc priests (D:7)
  3 iguanas (D:5)
  2 orc wizards
  9 adders
  3 shadow imps
  An ufetubus (D:4)
  A worm (D:2)
  7 dart slugs
  18 orcs
  7 endoplasms
  8 giant cockroaches
  13 goblins
  5 hobgoblins
  6 jackals
  7 quokkas
  7 ball pythons
  11 bats
  7 frilled lizards
  5 kobolds
  14 rats
155 creatures vanquished.

Vanquished Creatures (others)
  An orc wizard (D:7)
1 creature vanquished.

Grand Total: 156 creatures vanquished

Notes
Turn   | Place    | Note
-------+----------+-------------------------------------------
     0 | D:1      | Morbidden the Troll Earth Elementalist began the quest for
                  | the Orb.
     0 | D:1      | Reached XP level 1. HP: 16/16 MP: 1/1
     6 | D:1      | Noticed a komodo dragon
     6 | D:1      | Noticed an imperial myrmidon
     7 | D:1      | Noticed a hell rat
     7 | D:1      | Noticed a yaktaur captain
   143 | D:1      | Reached XP level 2. HP: 18/24 MP: 2/2
   686 | D:1      | Reached XP level 3. HP: 32/32 MP: 3/3
   690 | D:1      | Learned a level 3 spell: Stone Arrow
   928 | D:2      | Reached skill level 1 in Unarmed Combat
  1060 | D:2      | Reached skill level 1 in Transmutations
  1162 | D:2      | Reached XP level 4. HP: 38/40 MP: 5/5
  1829 | D:3      | Identified the +6 quarterstaff "Ire Tif" {venom, Str+4
                  | Int+3}
  1865 | D:3      | Reached skill level 1 in Fighting
  1874 | D:3      | Reached XP level 5. HP: 44/48 MP: 1/6
  2591 | D:4      | Reached skill level 1 in Throwing
  2672 | D:4      | Noticed an ogre
  2682 | D:4      | Killed an ogre
  2683 | D:4      | Reached XP level 6. HP: 41/55 MP: 7/7
  2696 | D:4      | Learned a level 4 spell: Airstrike
  3029 | D:5      | Entered Level 5 of the Dungeon
  3111 | D:5      | Found a sacrificial altar of Ru.
  3111 | D:5      | You fall into a shaft and drop 1 floor!
  3176 | D:6      | Found a snail-covered altar of Cheibriados.
  3182 | D:6      | Became a worshipper of Cheibriados the Contemplative
  3236 | D:6      | Found Iduhia's Assorted Antiques.
  3453 | D:6      | Noticed a water moccasin
  3457 | D:6      | Killed a water moccasin
  3458 | D:6      | Reached skill level 1 in Conjurations
  3458 | D:6      | Reached XP level 7. HP: 62/62 MP: 2/9
  3538 | D:6      | Noticed Pikel
  3556 | D:6      | Killed Pikel
  3557 | D:6      | Reached skill level 1 in Air Magic
  3557 | D:6      | Reached XP level 8. HP: 35/72 MP: 1/10
  3656 | D:6      | Noticed Duvessa
  3656 | D:6      | Noticed Dowan
  3871 | D:5      | Reached * piety under Cheibriados
  4065 | D:5      | Found a sparkling altar of Nemelex Xobeh.
  4134 | D:5      | Identified the +6 mace "Siusitodd" {flame, +Blink rElec
                  | rF+++ rC-}
  4635 | D:6      | Killed Duvessa
  4638 | D:6      | Killed Dowan
  4639 | D:6      | Reached skill level 1 in Invocations
  4714 | D:6      | Reached skill level 5 in Earth Magic
  5052 | D:7      | Found an opulent altar of Gozag.
  5064 | D:7      | Found an iron altar of Okawaru.
  5093 | D:7      | Learned a level 4 spell: Petrify
  5132 | D:7      | Reached skill level 5 in Unarmed Combat
  5159 | D:7      | Found a flagged portal.
  5169 | Bailey   | Entered a bailey
  5196 | Bailey   | Reached XP level 9. HP: 53/80 MP: 9/12
  5471 | Bailey   | Noticed an orc knight
  5478 | Bailey   | Gained mutation: You are somewhat resistant to further
                  | mutation. [potion of mutation]
  5486 | Bailey   | Slain by an orc warrior

Illustrated notes

Levels and vault maps discovered:
D:1:      onia_arrival_zoo_common, layout_basic, minmay_pentomino_o4
D:2:      minmay_razor_zed, layout_rooms
D:3:      layout_basic, minmay_vboxes
D:4:      layout_cave_pools, dreamdust_princess_corridor, dreamdust_wishing_well
D:5:      layout_rooms, nicolae_ru_great_annihilating_truth,
          nicolae_overflow_hidden_temple, serial_corexii_hall,
          chequers_hall_statues_corner_a, corexii_hall_statues_deadend,
          corexii_hall_statues_i, chequers_hall_statues_corner_a,
          corexii_hall_statues_u, corexii_hall_statues_u
D:6:      layout_basic, kennysheep_slug_shrine, serial_shops,
          kennysheep_mini_moat, uniq_duvessa, uniq_pikel
D:7:      layout_basic, overflow_temple_1_default, amcnicky_altar_gilded,
          lemuel_doored_altar, nicolae_dithmenos_shadow_blocks,
          minmay_temple_entry_arrows, enter_bailey_8, wad_floor_pattern_2,
          hangedman_decor_slide_cut, minmay_misc_feat_roman
Bailey:   bailey_polearm_elven_captive_hellmonk, bailey

Skill      XL: |  1  2  3  4  5  6  7  8 |
---------------+-------------------------+-----
Earth Magic    | 3 4 5 |  5.1
Unarmed Combat | 1 2 3 4 5 |  5.1
Dodging        | 2 3 |  3.3
Transmutations | 1 2 |  2.3
Fighting       | 1 2 |  2.4
Throwing       | 1 2 |  2.1
Spellcasting   | 2 3 |  3.2
Conjurations   | 1 2 |  2.3
Air Magic      | 1 |  1.6
Invocations    | 1 |  1.3
Stealth        | |  1.4

Action                   |  1- 3 |  4- 6 |  7- 9 || total
-------------------------+-------+-------+-------++-------
Melee: Unarmed           |   126 |   141 |   128 ||   395
       Punch             |     1 |     5 |     4 ||    10
Throw: Dart              |       |     8 |    34 ||    42
       Boomerang         |       |     1 |     3 ||     4
 Cast: Sandblast         |       |    46 |    26 ||    72
       Stone Arrow       |       |     2 |     1 ||     3
Evoke: Wand              |       |       |     4 ||     4
  Use: Scroll            |       |       |    13 ||    13
       Potion            |       |       |     8 ||     8
 Stab: Sleeping          |     1 |     3 |       ||     4
       Paralysed         |       |       |     3 ||     3
Armor: Robe              |    65 |    46 |    59 ||   170
       Skin              |       |       |    24 ||    24
Dodge: Dodged            |    66 |    74 |   106 ||   246

Table legend: (Time is in decaauts)
 A = Elapsed time spent in this place.
 B = Non-inter-level travel time spent in this place.
 C = Inter-level travel time spent in this place.
 D = Time resting spent in this place.
 E = Time spent auto-exploring this place.
 F = Levels seen in this place.
 G = Mean time per level.
                   A        B        C        D        E       F      G
               +--------+--------+--------+--------+--------+-----+--------+
         Total |   5991 |   5662 |    329 |    240 |   4112 |   8 |  748.9 |
       Dungeon |   5660 |   5331 |    329 |      2 |   4092 |   7 |  808.6 |
        Bailey |    331 |    331 |      0 |    238 |     20 |   1 |  331.0 |
               +--------+--------+--------+--------+--------+-----+--------+

Top non-repeatable levels by time:
     D:6: 1276 daAuts
     D:5: 1145 daAuts
     D:1: 912 daAuts
     D:3: 790 daAuts
     D:2: 750 daAuts
     D:4: 569 daAuts
  Bailey: 331 daAuts
     D:7: 216 daAuts
